 Dungeon Crawl Stone Soup version 0.28.0-45-g0d030f2227 (webtiles) character file.

Game seed: 7954749579303922500

483 NinjaNoafa the Skirmisher (level 6, -1/56 HPs)
             Began as a Minotaur Fighter on Apr 5, 2022.
             Was a Believer of Dithmenos.
             Slain by an adder (2 damage)
             ... on level 4 of the Dungeon.
             The game lasted 00:09:14 (3318 turns).

NinjaNoafa the Skirmisher (Minotaur Fighter)        Turns: 3318, Time: 00:09:15

Health: -1/56      AC:  7    Str: 23    XL:     6   Next: 88%
Magic:  5/5        EV: 10    Int:  5    God:    Dithmenos [**....]
Gold:   267        SH:  4    Dex:  9    Spells: 5/5 levels left

rFire   . . .      SeeInvis .   a - +0 long sword
rCold   . . .      Faith    .   c - +0 buckler
rNeg    . . .      Spirit   .   f - +0 ring mail
rPois   .          Reflect  .   (helmet restricted)
rElec   .          Harm     .   n - +1 cloak
rCorr   .          Rampage  .   (no gloves)
Will    .....                   (no boots)
Stlth   +.........              (no amulet)
HPRegen 0.18/turn               (no ring)
MPRegen 0.09/turn               (no ring)

@: lethally poisoned (-1 -> -11), wreathed by umbra
A: horns 2, retaliatory headbutt, iridescent scales 1, deformed body, subdued
magic 1
a: Renounce Religion, Shadow Step


You were on level 4 of the Dungeon.
You worshipped Dithmenos.
Dithmenos was pleased with you.
You visited 1 branch of the dungeon, and saw 5 of its levels.

You collected 267 gold pieces.

Inventory:

Hand Weapons
 a - a +0 long sword (weapon)
Missiles
 g - 87 stones (quivered)
Armour
 b - a +0 scale mail
 c - a +0 buckler (worn)
 f - a +0 ring mail (worn)
 m - a +0 chain mail
 n - a +1 cloak (worn)
Scrolls
 j - a scroll of teleportation


   Skills:
 + Level 5.3 Fighting
 + Level 5.3 Long Blades
 + Level 5.3 Armour
 * Level 1.3 Stealth
 + Level 5.3 Shields


You had 5 spell levels left.
You didn't know any spells.
Your spell library contained the following spells:

 Spells                   Type           Power      Damage    Failure   Level
 Static Discharge         Conj/Air       0%         N/A       82%         2
 Gell's Gravitas          Tloc           0%         N/A       96%         3
 Teleport Other           Tloc           0%         N/A       96%         3
 Dispel Undead            Necr           0%         3d6       100%        4
 Sticky Flame             Conj/Fire      0%         2d3       100%        4
 Dispersal                Tloc           0%         N/A       100%        6


Dungeon Overview and Level Annotations

Branches:
Dungeon (5/15)
 Temple: D:4-7

Altars:
Cheibriados
Dithmenos
Hepliaklqana
Makhleb
Trog
Xom
Zin


Innate Abilities, Weirdness & Mutations

You have a pair of horns on your head.
You reflexively headbutt those who attack you in melee.
You are partially covered in iridescent scales. (AC +2)
Armour fits poorly on your strangely shaped body.
Your spells are a little easier to cast, but a little less powerful.


Message History

You feel yourself speed up.
The black bear bites you but does no damage.
The black bear claws you.
* * * LOW HITPOINT WARNING * * *
The black bear claws you but does no damage.
You aren't carrying any potions.
Unknown command.
There is a burning altar of Makhleb here.
You see here a ball python skeleton.
The orc hits you with a +0 dagger.
* * * LOW HITPOINT WARNING * * *
The hobgoblin barely misses you.
Your extra speed is starting to run out.
There is a stone staircase leading down here.
You climb downwards.
Found 2 gold pieces.
Found a stone staircase leading up.
There is a stone staircase leading up here.
Found a scroll of teleportation.
A scorpion comes into view.
You feel yourself slow down.
You see here 2 gold pieces.
The adder bites you.
* * * LOW HITPOINT WARNING * * *
You are poisoned.
The adder poisons you!
There is a stone staircase leading up here.
You feel sick.
The scorpion stings you but does no damage.
The adder bites you but does no damage.
You climb upwards.
You feel sick.
There is a stone staircase leading down here.
You feel sick. You block the scorpion's attack.
The adder bites you but does no damage.
You feel sick.
You are no longer poisoned.
The scorpion stings you!
* * * LOW HITPOINT WARNING * * *
You are lethally poisoned!
The scorpion poisons you! The scorpion closely misses you. The adder bites you.
You die...

#.#.#.#.###.# ..# #.##.......#
#.# .. #....#.#.### #.# #.##...
#.#.#####.# ..#.. #.#.......#
.....#...)##.#.# #.#########
#.........##...# #.########
#.........###s.# #.#......#
#........#..@S># #.#......#
#........#.##### #.#†.....#
#........#.# ##.#......#
###........#.# #.........#
#......<...#.# #.........##
#.#........#'#######.........##
.................#....#.......#
#...######.......#.####.'######
.........'...)...#.# ###...#.#


You could see a scorpion and an adder.

Vanquished Creatures
  Sigmund (D:2)
  Pargi (D:3)
  A jelly (D:4)
  A bullfrog skeleton (D:4)
  4 gnolls (D:3)
  5 adders
  2 worms
  3 dart slugs
  5 orcs
  8 ball pythons
  8 bats
  4 endoplasms (D:3)
  6 goblins
  8 hobgoblins
  9 jackals
  3 quokkas
  2 frilled lizards
  7 kobolds
  8 rats
86 creatures vanquished.

Vanquished Creatures (others)
  3 plants (D:1)
  5 withered plants (D:1)
8 creatures vanquished.

Grand Total: 94 creatures vanquished

Notes
Turn   | Place    | Note
-------+----------+-------------------------------------------
     0 | D:1      | NinjaNoafa the Minotaur Fighter began the quest for the
                  | Orb.
     0 | D:1      | Reached XP level 1. HP: 19/19 MP: 0/0
   163 | D:1      | Reached XP level 2. HP: 27/27 MP: 1/1
   608 | D:1      | Reached XP level 3. HP: 33/33 MP: 2/2
   766 | D:1      | Found a faded altar of an unknown god.
  1017 | D:1      | Prayed at the altar of an unknown god.
  1017 | D:1      | Became a worshipper of Dithmenos the Shadowed
  1017 | D:1      | Reached * piety under Dithmenos
  1146 | D:2      | Noticed Sigmund
  1153 | D:2      | Killed Sigmund
  1154 | D:2      | Reached XP level 4. HP: 13/41 MP: 3/3
  1154 | D:2      | Reached XP level 5. HP: 14/47 MP: 4/4
  1472 | D:2      | Reached skill level 5 in Fighting
  1695 | D:3      | Reached skill level 5 in Armour
  1778 | D:3      | Reached skill level 5 in Shields
  1849 | D:3      | Noticed Pargi
  1858 | D:3      | Killed Pargi
  1859 | D:3      | Reached skill level 5 in Long Blades
  1859 | D:3      | Reached XP level 6. HP: 35/56 MP: 5/5
  2051 | D:3      | Reached ** piety under Dithmenos
  2107 | D:3      | Found a bloodstained altar of Trog.
  2903 | D:4      | Found a snail-covered altar of Cheibriados.
  2919 | D:4      | Found a shimmering altar of Xom.
  2965 | D:4      | Found a burning altar of Makhleb.
  2966 | D:4      | Found a glowing silver altar of Zin.
  2967 | D:4      | Found a hazy altar of Hepliaklqana.
  2975 | D:4      | Reached skill level 1 in Stealth
  3242 | D:4      | Gained mutation: Your muscles are strong. (Str +2) [potion
                  | of mutation]
  3243 | D:4      | Lost mutation: Your muscles are strong. (Str +2) [potion of
                  | mutation]
  3243 | D:4      | Gained mutation: Armour fits poorly on your strangely
                  | shaped body. [potion of mutation]
  3243 | D:4      | Gained mutation: You are partially covered in iridescent
                  | scales. (AC +2) [potion of mutation]
  3243 | D:4      | Gained mutation: Your spells are a little easier to cast,
                  | but a little less powerful. [potion of mutation]
  3307 | D:5      | Entered Level 5 of the Dungeon
  3318 | D:4      | HP: 1/56 [scorpion (8)]
  3318 | D:4      | Slain by an adder

Illustrated notes

Levels and vault maps discovered:
D:1:      evilmike_arrival_crescent, layout_basic,
          shapermc_ecumenical_altar_flowoftime
D:2:      layout_rooms, uniq_sigmund
D:3:      layout_basic, general_overflow_altar, minmay_mini_jars, uniq_pargi
D:4:      layout_basic, grunt_temple_overflow_open, mainiacjoe_overflow_swirl,
          hellmonk_ghost_happy_afterlife
D:5:      layout_cave_pools

Skill      XL: |  1  2  3  4  5  6 |
---------------+-------------------+-----
Fighting       | 4 5 |  5.3
Armour         | 4 5 |  5.3
Shields        | 4 5 |  5.3
Long Blades    | 3 4 5 |  5.3
Stealth        | 1 |  1.3

Action                   |  1- 3 |  4- 6 || total
-------------------------+-------+-------++-------
Melee: Long sword        |    93 |   118 ||   211
       Headbutt          |    19 |    13 ||    32
  Use: Potion            |     1 |     8 ||     9
       Scroll            |       |     4 ||     4
Armor: Scale mail        |    58 |     8 ||    66
       Chain mail        |       |    53 ||    53
       Ring mail         |       |    25 ||    25
Dodge: Dodged            |    55 |    76 ||   131
Block: Buckler           |    25 |    35 ||    60
